 Dungeon Crawl Stone Soup version 0.18.1-50-g88ac8fd (webtiles) character file.

41508 Peloso the Peltast (level 13, -7/119 HPs)
             Began as a Minotaur Fighter on Sept 18, 2016.
             Was the Champion of Okawaru.
             Mangled by a spiny frog (17 damage)
             ... on level 7 of the Lair of Beasts.
             The game lasted 01:00:56 (18665 turns).

Peloso the Peltast (Minotaur Fighter)              Turns: 18665, Time: 01:00:56

Health: -7/119     AC:  8    Str: 27    XL:     13   Next: 80%
Magic:  12/12      EV: 11    Int:  5    God:    Okawaru [******]
Gold:   995        SH: 14    Dex: 12    Spells: 0 memorised, 12 levels left

rFire  + . .     SeeInvis +     h - +4 scimitar (flame)
rCold  . . .     Gourm    +     O - +1 plate armour
rNeg   . . .     Faith    .     c - +0 shield
rPois  +         Spirit   .     q - +2 hat
rElec  .         Dismiss  .     E - +0 cloak
rCorr  .         Reflect  .     T - +1 pair of gloves of the Locust {MR+}
SustAt .         Harm     .     i - +0 pair of boots
MR     ++...                    A - amulet of the gourmand
Stlth  ..........               z - ring "Siypp" {rF+ MR+ Str+3 Stlth-}
                                W - ring of poison resistance

@: corroded, very resistant to hostile enchantments, extremely unstealthy
A: retaliatory headbutt, horns 2, see invisible
a: Heroism, Finesse, Renounce Religion


You were on level 7 of the Lair of Beasts.
You worshipped Okawaru.
Okawaru was exalted by your worship.
You were completely stuffed.

You visited 2 branches of the dungeon, and saw 19 of its levels.
You visited 1 bazaar.
You also visited: Labyrinth.

You collected 1395 gold pieces.
You spent 400 gold pieces at shops.

Inventory:

Hand Weapons
 h - a +4 scimitar of flaming (weapon)
 t - a +5 long sword of electrocution
Armour
 c - a +0 shield (worn)
 i - a +0 pair of boots (worn)
 q - a +2 hat (worn)
 E - a +0 cloak (worn)
 O - a +1 plate armour (worn)
 T - the +1 pair of gloves of the Locust (worn) {MR+}
   (Okawaru gifted it to you on level 11 of the Dungeon)

   It affects your resistance to hostile enchantments.
Jewellery
 n - an uncursed ring of protection from cold
 z - the ring "Siypp" (right hand) {rF+ MR+ Str+3 Stlth-}
   (You bought it in a shop in a bazaar)

   [ring of loudness]

   It affects your strength (+3).
   It protects you from fire.
   It affects your resistance to hostile enchantments.
   It makes you less stealthy.
 A - an amulet of the gourmand (around neck)
 H - an uncursed ring of protection from cold
 M - a +3 ring of dexterity
 P - an uncursed ring of flight
 S - a +4 ring of intelligence
 U - an uncursed ring of protection from fire
 W - a ring of poison resistance (left hand)
 X - an uncursed ring of protection from fire
Wands
 u - a wand of confusion (24/48)
Scrolls
 a - a scroll of fog
 e - 3 scrolls of identify
 g - a scroll of magic mapping
 p - 2 scrolls of enchant armour
 w - 6 scrolls of enchant weapon
 B - 4 scrolls of remove curse
 C - 2 scrolls of recharging
 I - 3 scrolls of fear
 K - a scroll of amnesia
 L - 3 scrolls of teleportation
Potions
 d - a potion of might
 k - 4 potions of flight
 l - 2 potions of agility
 m - 11 potions of curing
 o - 9 potions of haste
 s - 6 potions of berserk rage
 v - a potion of invisibility
 F - 2 potions of brilliance
 G - a potion of resistance
 J - 2 potions of heal wounds
 N - 2 potions of magic
 V - a potion of cancellation
Books
 x - a book of Necromancy

   Spells                             Type                      Level
   a - Pain                           Necromancy                   1
   b - Animate Skeleton               Necromancy                   1
   c - Vampiric Draining              Necromancy                   3
   d - Regeneration                   Charms/Necromancy            3
   e - Animate Dead                   Necromancy                   4
   f - Control Undead                 Necromancy                   4
 y - a book of Death

   Spells                             Type                      Level
   a - Corpse Rot                     Necromancy                   2
   b - Sublimation of Blood           Necromancy                   2
   c - Agony                          Necromancy                   5
   d - Dispel Undead                  Necromancy                   5
   e - Excruciating Wounds            Charms/Necromancy            5
   f - Bolt of Draining               Conjuration/Necromancy       5
 R - the Papyrus of the Vitriolic Mountains
   (You found it in a labyrinth)

   Spells                             Type                      Level
   a - Sandblast                      Earth                        1
   b - Mephitic Cloud                 Conjuration/Poison/Air       3
   c - Leda's Liquefaction            Hexes/Earth                  4
   d - Lee's Rapid Deconstruction     Earth                        5
   e - Iron Shot                      Conjuration/Earth            6
 Y - a Grand Grimoire

   Spells                             Type                      Level
   a - Monstrous Menagerie            Summoning                    7
   b - Summon Greater Demon           Summoning                    7
   c - Malign Gateway                 Summoning/Translocation      7
   d - Summon Horrible Things         Summoning                    8
Comestibles
 b - 9 royal jellies
 f - 10 bread rations
 j - a slice of pizza
 r - 9 meat rations
 D - a beef jerky
 Q - 27 fruits


   Skills:
 + Level 12.5 Fighting
 + Level 14.8 Long Blades
 + Level 13.0 Armour
 + Level 6.6 Dodging
 + Level 1.3 Stealth
 + Level 15.0 Shields
 + Level 1.2 Invocations


You had 12 spell levels left.
You didn't know any spells.

Dungeon Overview and Level Annotations

Branches:
Dungeon (12/15)            Temple (0/1) D:7            Lair (7/8) D:10
  Swamp (0/4) Lair:3       Spider (0/4) Lair:5          Orc (0/2) D:12
  Slime: Lair:6-8

Altars:
Ashenzari
Elyvilon
Fedhas
Gozag
Kikubaaqudgha
Nemelex Xobeh
Okawaru
Pakellas
Ru
Sif Muna
Zin
The Shining One

Shops:
D:2 *   D:10 =   D:12 %

Annotations:
Lair:5 exclusion: oklob plant
Lair:7 exclusion: oklob plant


Innate Abilities, Weirdness & Mutations

You reflexively headbutt those who attack you in melee.
You have a pair of horns on your head.
You have supernaturally acute eyesight.


Message History

You hit the oklob plant but do no damage.
You headbutt the oklob plant, but do no damage.
The oklob plant is severely damaged.
You block the spiny frog's attack. x2; The blink frog hits you.
Unknown command.
You hit the oklob plant but do no damage.
The oklob plant is severely damaged.
The spiny frog stings you!
The spiny frog stings you but does no damage.
Unknown command.
You slash the oklob plant! You burn the oklob plant.
The oklob plant is almost destroyed.
The oklob plant spits acid at you. The splash of acid hits you!
* * * LOW HITPOINT WARNING * * *
The acid corrodes you!
The acid burns!
* * * LOW HITPOINT WARNING * * *
The blink frog hits you but does no damage.
The spiny frog stings you!
You die...

.... ...... ##.
....##....##...
.....[..P......
.........P.....
...............
.......<.......
...............
......F........
.....)F@FF.....
(......PF......
...............
#.....#...P#...
.P.....#...##..
......# .... ..
...... .....
..... ....#.


You could see an oklob plant, 2 spiny frogs and 3 blink frogs.

Vanquished Creatures
  Maud (Lair:5)
  A minotaur (Lab)
  5 hydras
  Erica (Lair:1)
  A death knight (D:12)
  2 centaur warriors (D:12)
  A death yak (Lair:6)
  Urug (D:11)
  3 hill giants
  An unseen horror (D:8)
  A deep elf mage (D:12)
  2 ugly things
  A griffon (Lair:4)
  A manticore (D:12)
  A black mamba (Lair:5)
  3 torpor snails (Lair:6)
  Psyche (D:9)
  10 spiny frogs
  2 komodo dragons
  A rime drake (Lair:6)
  2 jumping spiders (Lair:5)
  2 trolls
  A queen bee (Lair:1)
  Grinder (D:5)
  2 polar bears
  A two-headed ogre (D:9)
  Prince Ribbit (D:4)
  A wraith (D:12)
  2 wyverns
  A shadow (D:11)
  A redback (Lair:5)
  25 yaks
  2 basilisks
  11 hungry ghosts
  Grum (D:11)
  2 vampire mosquitoes (D:12)
  Edmund (D:5)
  7 hippogriffs
  2 mottled dragons
  10 porcupines
  8 water moccasins
  3 ice beasts
  6 orc warriors
  3 sky beasts (D:8)
  3 black bears
  A necrophage (D:10)
  An ogre (D:5)
  6 phantoms
  18 wolves
  22 centaurs
  6 crocodiles
  8 giant frogs
  4 big kobolds
  A wyvern zombie (D:12)
  3 scorpions
  27 killer bees
  A spriggan skeleton (Lab)
  2 troll skeletons (Lab)
  3 electric eels
  13 howler monkeys
  4 crimson imps
  A wasp zombie (D:12)
  2 centaur zombies
  A gnoll shaman (D:8)
  13 orc priests
  3 centaur skeletons
  8 hounds
  5 giant frog skeletons
  Natasha (thrice) (D:3)
  9 iguanas
  11 orc wizards
  8 worker ants
  12 sheep
  6 ogre zombies (D:12)
  An ogre skeleton (Lab)
  A howler monkey zombie (D:8)
  A worker ant zombie (D:10)
  11 gnolls
  17 adders
  20 river rats
  5 shadow imps
  2 adder skeletons
  3 worms
  2 dart slugs
  5 giant geckos
  40 orcs
  5 bats
  5 giant cockroaches
  11 hobgoblins
  7 jackals
  16 kobolds
  3 quokkas
  3 ball pythons
  A giant cockroach zombie (D:6)
  5 giant newts
  18 goblins
  A goblin skeleton (D:12)
  A goblin zombie (D:12)
  A hobgoblin skeleton (D:12)
  2 hobgoblin zombies (D:12)
  2 orc skeletons (D:12)
  12 orc zombies (D:12)
  A quokka zombie (D:5)
  9 rats
  A fungus (Lair:6)
  2 plants
555 creatures vanquished.

Vanquished Creatures (others)
  4 fungi
4 creatures vanquished.

Grand Total: 559 creatures vanquished

Notes
Turn   | Place    | Note
--------------------------------------------------------------
     0 | D:1      | Peloso the Minotaur Fighter began the quest for the Orb.
     0 | D:1      | Reached XP level 1. HP: 19/19 MP: 0/0
    62 | D:1      | Reached XP level 2. HP: 15/27 MP: 1/1
   403 | D:1      | Reached skill level 4 in Shields
   534 | D:2      | Reached XP level 3. HP: 30/33 MP: 2/2
   545 | D:2      | Found Zin's Purification Station.
   548 | D:2      | Found a glowing silver altar of Zin.
   579 | D:2      | Found a shattered altar of Ashenzari.
   600 | D:2      | Reached skill level 1 in Dodging
  1092 | D:2      | Reached XP level 4. HP: 15/40 MP: 3/3
  1805 | D:3      | Reached skill level 5 in Shields
  1977 | D:3      | Noticed Natasha
  2004 | D:3      | Killed Natasha
  2004 | D:3      | Reached XP level 5. HP: 22/46 MP: 4/4
  2485 | D:3      | Noticed Natasha
  2493 | D:3      | Killed Natasha
  2493 | D:3      | Reached skill level 5 in Armour
  2552 | D:3      | Noticed Natasha
  2560 | D:3      | Killed Natasha
  2572 | D:3      | Gained mutation: You have supernaturally acute eyesight. [potion of beneficial mutation]
  2654 | D:3      | Found an ancient bone altar of Kikubaaqudgha.
  2656 | D:3      | Found a glowing golden altar of the Shining One.
  2687 | D:4      | Found a white marble altar of Elyvilon.
  2716 | D:4      | Noticed a phantom
  2726 | D:4      | Reached XP level 6. HP: 50/53 MP: 5/5
  2856 | D:4      | Reached skill level 6 in Shields
  2856 | D:4      | Reached XP level 7. HP: 13/60 MP: 6/6
  3243 | D:4      | Found a deep blue altar of Sif Muna.
  3307 | D:4      | Reached skill level 5 in Fighting
  3699 | D:5      | Entered Level 5 of the Dungeon
  3772 | D:5      | Noticed Prince Ribbit
  4410 | D:5      | Found a sparkling altar of Nemelex Xobeh.
  4424 | D:5      | Noticed Grinder
  4425 | D:5      | Paralysed by Grinder for 3 turns
  4446 | D:5      | Killed Grinder
  4446 | D:5      | Reached XP level 8. HP: 42/70 MP: 7/7
  4588 | D:4      | Killed Prince Ribbit
  4588 | D:4      | Reached skill level 5 in Long Blades
  4588 | D:4      | Reached skill level 7 in Shields
  4772 | D:5      | Noticed Edmund
  4783 | D:5      | Killed Edmund
  5526 | D:6      | Reached XP level 9. HP: 67/77 MP: 8/8
  5529 | D:6      | Found an iron altar of Okawaru.
  5532 | D:6      | Became a worshipper of Warmaster Okawaru
  5645 | D:6      | Reached skill level 8 in Shields
  5728 | D:6      | Found a blossoming altar of Fedhas.
  5948 | D:7      | Found an oddly glowing altar of Pakellas.
  6481 | D:7      | Reached * piety under Okawaru
  6955 | D:7      | Found a staircase to the Ecumenical Temple.
  7219 | D:8      | Reached skill level 5 in Dodging
  7240 | D:8      | Reached skill level 9 in Shields
  7257 | D:8      | Found a sacrificial altar of Ru.
  7362 | D:8      | Noticed an unseen horror
  7372 | D:8      | Killed an unseen horror
  7372 | D:8      | Reached skill level 10 in Armour
  7395 | D:8      | Reached ** piety under Okawaru
  7395 | D:8      | Reached XP level 10. HP: 86/86 MP: 9/9
  7556 | D:8      | Reached skill level 1 in Stealth
  8301 | D:9      | Noticed Psyche
  8307 | D:9      | Killed Psyche
  8337 | D:9      | Reached *** piety under Okawaru
  8579 | D:9      | Reached skill level 10 in Shields
  8809 | D:10     | Entered Level 10 of the Dungeon
  8922 | D:10     | Found Zecal's Jewellery Shop.
  9206 | D:10     | Found a staircase to the Lair.
  9307 | D:10     | Reached **** piety under Okawaru
  9307 | D:10     | Reached skill level 10 in Long Blades
  9330 | D:10     | Reached XP level 11. HP: 47/97 MP: 10/10
  9411 | D:10     | Noticed a hill giant
  9419 | D:10     | Noticed a hill giant
  9431 | D:10     | Killed a hill giant
  9435 | D:10     | Killed a hill giant
  9930 | D:11     | Found an opulent altar of Gozag.
  9985 | D:11     | Found a flickering gateway to a bazaar.
  9998 | Bazaar   | Entered a bazaar
 10013 | Bazaar   | Found Ofeel Refa's Book Shoppe.
 10046 | Bazaar   | Found Wuss's Jewellery Shoppe.
 10092 | Bazaar   | Found Onworrai's Jewellery Boutique.
 10122 | Bazaar   | Found Tukohyteo's Book Shoppe.
 10172 | Bazaar   | Bought the ring "Siypp" {rF+ MR+ Str+3 Stlth-} for 400 gold pieces
 10249 | D:11     | Noticed a hill giant
 10267 | D:11     | Killed a hill giant
 10267 | D:11     | Reached ***** piety under Okawaru
 10267 | D:11     | Reached skill level 11 in Shields
 10269 | D:11     | Noticed Urug
 10305 | D:11     | Killed Urug
 10734 | D:11     | Noticed a purple ugly thing
 10752 | D:11     | Killed a purple ugly thing
 10791 | D:11     | Received a gift from Okawaru
 10794 | D:11     | Got a pair of distressingly furry gloves {god gift}
 10805 | D:11     | Identified the +1 pair of gloves of the Locust {MR+} (Okawaru gifted it to you on level 11 of the Dungeon)
 10931 | D:11     | Noticed Grum
 10934 | D:11     | Reached skill level 10 in Fighting
 10950 | D:11     | Killed Grum
 11261 | D:12     | Noticed a death knight
 11279 | D:12     | Killed a death knight
 11281 | D:12     | Reached skill level 12 in Shields
 11741 | D:12     | Found a staircase to the Orcish Mines.
 11779 | D:12     | Reached XP level 12. HP: 105/107 MP: 11/11
 11964 | D:12     | Noticed a centaur warrior
 11975 | D:12     | Killed a centaur warrior
 12163 | D:12     | Noticed a centaur warrior
 12175 | D:12     | Killed a centaur warrior
 12243 | D:12     | Found Tuulusch's Food Boutique.
 12452 | D:12     | Reached skill level 13 in Shields
 12674 | Lair:1   | Entered Level 1 of the Lair of Beasts
 12735 | Lair:1   | Noticed Erica
 12736 | Lair:1   | Noticed a five-headed hydra
 12756 | Lair:1   | Killed a one-headed hydra
 12763 | Lair:1   | Killed Erica
 13003 | Lair:1   | Received a gift from Okawaru
 13025 | Lair:1   | Got a pair of ichor-stained boots {god gift}
 13036 | Lair:1   | Identified the -6 pair of boots of Doyrappuc {rElec Str-5 Int+7} (Okawaru gifted it to you on level 1 of the Lair of Beasts)
 14489 | Lair:3   | Found a staircase to the Swamp.
 15529 | Lair:4   | Reached XP level 13. HP: 111/116 MP: 12/12
 15683 | Lair:4   | Reached skill level 14 in Shields
 16469 | Lair:5   | Found a hole to the Spider Nest.
 16693 | Lair:5   | Noticed Maud
 16706 | Lair:5   | Killed Maud
 16706 | Lair:5   | Reached ****** piety under Okawaru
 16839 | Lair:6   | Found a labyrinth entrance.
 16900 | Lab      | Entered a labyrinth
 17556 | Lab      | Noticed a minotaur
 17577 | Lab      | Killed a minotaur
 17577 | Lab      | Received a gift from Okawaru
 17588 | Lab      | Identified the Papyrus of the Vitriolic Mountains
 17815 | Lair:6   | Reached skill level 1 in Invocations
 18220 | Lair:6   | Reached skill level 15 in Shields
 18665 | Lair:7   | Mangled by a spiny frog

Skill      XL: |  1  2  3  4  5  6  7  8  9 10 11 12 13 |
---------------+----------------------------------------+-----
Fighting       | 4 5 6 7 9 10 11 12 | 12.5
Shields        | 4 5 6 7 9 10 12 13 15 | 15.0
Dodging        | 1 2 3 4 5 6 |  6.6
Armour         | 4 5 6 8 10 11 12 13 | 13.0
Long Blades    | 3 4 6 7 10 12 13 14 | 14.8
Stealth        | 1 |  1.3
Invocations    | 1 |  1.2

Action                   |  1- 3 |  4- 6 |  7- 9 | 10-12 | 13-15 || total
-------------------------+-------+-------+-------+-------+-------++-------
Melee: Long sword        |   241 |   263 |   398 |   761 |    32 ||  1695
       Headbutt          |    18 |    25 |    73 |   258 |    79 ||   453
       Scimitar          |       |       |       |   202 |   301 ||   503
Invok: Heroism           |       |       |       |    11 |     3 ||    14
  Use: Scroll            |       |    14 |     1 |    16 |     4 ||    35
       Potion            |       |     2 |     1 |       |       ||     3
  Eat: Chunk             |     1 |     6 |    21 |    50 |    15 ||    93
       Pizza             |       |       |     1 |       |       ||     1
       Beef jerky        |       |       |       |     1 |       ||     1
Armor: Scale mail        |     7 |       |       |       |       ||     7
       Chain mail        |   224 |   142 |   261 |    26 |       ||   653
       Plate armour      |       |       |       |   364 |   185 ||   549
Dodge: Dodged            |    65 |    68 |   151 |   273 |   131 ||   688
Block: Shield            |   187 |   132 |   262 |   590 |   281 ||  1452
